 Dungeon Crawl Stone Soup version 0.31-a0-1539-g569d6c7dce (webtiles) character file.

Game seed: 7218175717334442420

22 Flugslaktarn the Trooper (level 2, -3/27 HPs)
             Began as a Minotaur Fighter on Jan 1, 2024.
             Killed from afar by Sigmund (11 damage)
             ... with a puff of flame
             ... on level 2 of the Dungeon.
             The game lasted 00:00:20 (770 turns).

Flugslaktarn the Trooper (Minotaur Fighter)          Turns: 770, Time: 00:00:21

Health: -3/27      AC:  8    Str: 20    XL:     2   Next: 68%
Magic:  1/1        EV:  9    Int:  5    God:
Gold:   38         SH:  4    Dex:  9    Spells: 1/1 levels left

rFire   . . .        a - +0 war axe
rCold   . . .        c - +0 buckler
rNeg    . . .        b - +0 scale mail
rPois   .            (helmet restricted)
rElec   .            (no cloak)
rCorr   .            (no gloves)
SInv    .            j - +0 pair of boots
Will    .....        (no amulet) Stlth
                     (no ring)
HPRegen 0.24/turn    (no ring)
MPRegen 0.07/turn

%: no passive effects
@: lethally poisoned (-3 -> -11)
A: horns 2, retaliatory headbutt
a: no special abilities


You were on level 2 of the Dungeon.
You visited 1 branch of the dungeon, and saw 2 of its levels.

You collected 38 gold pieces.

Inventory:

Hand Weapons
 a - a +0 war axe (weapon)
Armour
 b - a +0 scale mail (worn)
 c - a +0 buckler (worn)
 j - a +0 pair of boots (worn)
   (You found it on level 1 of the Dungeon)
Jewellery
 k - a ring of resist corrosion
   (You found it on level 1 of the Dungeon)
Scrolls
 f - a scroll of immolation {unknown}
 g - a scroll of amnesia {unknown}
 h - a scroll of poison {unknown}
 i - 2 scrolls of teleportation {unknown}
 m - a scroll of identify {unknown}
Potions
 d - a potion of might
 e - 2 potions of curing {unknown}
 l - a potion of mutation {unknown}


   Skills:
 * Level 4.1 Fighting
 * Level 3.1 Axes
 + Level 3.9 Armour
 - Level 3.6 Shields


You had one spell level left.
You didn't know any spells.
Your spell library was empty.

Dungeon Overview and Level Annotations

Branches:
Dungeon (2/15)

Altars:

Annotations:
D:2 Sigmund


Innate Abilities, Weirdness & Mutations

You have a pair of horns on your head.
You reflexively headbutt those who attack you in melee.


Message History

The quokka is almost dead.
You miss the frilled lizard. You block the frilled lizard's attack.
The quokka closely misses you. You block the frilled lizard's attack.
The quokka barely misses you. You furiously retaliate!
You headbutt the quokka.
You kill the quokka!
You miss the frilled lizard. The frilled lizard barely misses you.
You miss the frilled lizard.
Your headbutt misses the frilled lizard.
The frilled lizard bites you but does no damage.
You miss the frilled lizard. You headbutt the frilled lizard.
You kill the frilled lizard!
i - 2 scrolls labelled MIOTIRRIMY (gained 1)
You see here a stone.
There is a stone staircase leading down here.
A frilled lizard comes into view.
A frilled lizard is nearby!
A frilled lizard is nearby!
A frilled lizard is nearby!
The frilled lizard completely misses you.
You miss the frilled lizard.
The frilled lizard bites you but does no damage.
You hit the frilled lizard.
The frilled lizard is heavily wounded.
The frilled lizard closely misses you. You furiously retaliate!
You headbutt the frilled lizard!
You kill the frilled lizard!
No target in view!
No target in view!
No target in view!
No target in view!
Done exploring.
No target in view!
Done exploring.
Done exploring.
No target in view!
There is a stone staircase leading down here.
You climb downwards.
A malevolent force fills the Dungeon... and a teleportation trap spontaneously manifests!
You are yanked towards a nearby monster!
Your surroundings suddenly seem different.
A ball python comes into view.
The ball python hisses angrily.
A ball python is nearby!
A ball python is nearby!
A ball python is nearby!
A quokka comes into view.
You completely miss the ball python. The ball python bites you.
You block the ball python's attack. The ball python barely misses you.
The ball python grabs you. The ball python constricts you.
You barely miss the ball python. You headbutt the ball python.
The ball python is severely wounded.
The ball python closely misses you. The ball python constricts you.
You closely miss the ball python. You headbutt the ball python.
You kill the ball python!
The quokka bites you but does no damage.
You slash the quokka!
You kill the quokka!
No target in view!
HP restored.
Found an escape hatch in the floor.
No target in view!
There is an escape hatch in the floor here.
Found a stone staircase leading up.
No target in view!
Found a ring mail.
There is a stone staircase leading up here.
You see here a +0 ring mail.
You now have 38 gold pieces (gained 8).
A rat comes into view.
The rat squeaks loudly.
The rat barely misses you.
You hit the rat.
You kill the rat!
No target in view!
No target in view!
No target in view!
No target in view!
No target in view!
Sigmund the Dreaded comes into view.
He is wielding a +4 scythe of venom and wearing a +2 robe of resistance.
Sigmund shouts!
Sigmund hits you from afar with a +4 scythe of venom.
Sigmund is nearby!
Sigmund is nearby!
Found a green potion.
Sigmund hits you with a +4 scythe of venom.
You are lethally poisoned!
You hit Sigmund.
Sigmund is lightly wounded.
You feel very sick. Sigmund barely misses you.
You are too injured to fight recklessly!
You are too injured to fight recklessly!
You slash Sigmund! You headbutt Sigmund, but do no damage.
Sigmund is heavily wounded.
* * * LOW HITPOINT WARNING * * *
You feel very sick. Sigmund casts a spell at you. The puff of flame hits you!
You die...
Sigmund begins carving another notch in his scythe.

#. #!
#. #.
#. #.
#@###
#.@.#
###.#
#.#
#.# #
#.#
##
#.#
.#
#.#
##
#.# #
#.#


You could see Sigmund.

Vanquished Creatures
  A dart slug (D:1)
  2 ball pythons
  A bat (D:1)
  A goblin (D:1)
  2 hobgoblins (D:1)
  3 quokkas
  4 frilled lizards (D:1)
  2 kobolds (D:1)
  4 rats
20 creatures vanquished.

Notes
Turn   | Place    | Note
-------+----------+-------------------------------------------
     0 | D:1      | Flugslaktarn the Minotaur Fighter began the quest for the
                  | Orb.
     0 | D:1      | Reached XP level 1. HP: 19/19 MP: 0/0
   187 | D:1      | Reached XP level 2. HP: 27/27 MP: 1/1
   338 | D:1      | Reached skill level 4 in Fighting
   766 | D:2      | Noticed Sigmund
   770 | D:2      | Killed from afar by Sigmund

Illustrated notes

Levels and vault maps discovered:
D:1:      minmay_arrival_checkered_box, layout_basic,
          nicolae_twisty_statue_hallways
D:2:      layout_loops_ring, minmay_misc_feat_ornament,
          minmay_increasing_density, uniq_sigmund, uniq_terence

Skill      XL: |  1  2 |
---------------+-------+-----
Fighting       | 4 |  4.1
Axes           | 3 |  3.1
Armour         | |  3.9
Shields        | |  3.6

Action                     || total
---------------------------++-------
  Melee: War axe           ||    34
         Headbutt          ||     8
 Armour: Scale mail        ||    17
  Dodge: Dodged            ||    21
  Block: Buckler           ||     5

Table legend: (Time is in decaauts)
 A = Elapsed time spent in this place.
 B = Non-inter-level travel time spent in this place.
 C = Inter-level travel time spent in this place.
 D = Time resting spent in this place.
 E = Time spent auto-exploring this place.
 F = Levels seen in this place.
 G = Mean time per level.
                   A        B        C        D        E       F      G
               +--------+--------+--------+--------+--------+-----+--------+
         Total |    782 |    771 |     11 |      0 |    653 |   2 |  391.0 |
       Dungeon |    782 |    771 |     11 |      0 |    653 |   2 |  391.0 |
               +--------+--------+--------+--------+--------+-----+--------+

Top non-repeatable levels by time:
     D:1: 706 daAuts
     D:2: 75 daAuts
